Map: Persephone LE

Players

oPZesty

  • Race: Protoss Protoss
  • League: Grandmaster
  • Spawn Location: 7:00

A.I. 1 (Very Easy) - Winner!

  • Race: Terran Terran
  • Spawn Location: 11:00

VOD

Have the link to the VOD?

Description

Time

  • Played on: Sept. 7, 2025, 12:25 p.m.
  • Length: 2:40
Show
View Real Time Build Order
Export as new Build Order

oPZesty Protoss 

Build Orders: 1 Gate Expand 

Get SALT Encoding   

  12  0:00  Probe  
  13  0:14  Pylon  
  13  0:17  Probe  
  14  0:26  Probe  
  14  0:35  Gateway  
  15  0:36  Probe  
  16  0:46  Probe  
  17  0:59  Probe  
  18  1:13  Nexus  
  18  1:22  Cybernetics Core  
  18  1:26  Assimilator  
  18  1:29  Probe  
  19  1:34  Assimilator  
  19  1:42  Probe  
  20  1:50  Adept, Pylon  
  20  1:54  Probe  
  23  2:08  Probe  
  24  2:20  Probe  
  27  2:25  Twilight Council  
  27  2:26  Probe  
  27  2:27  Gateway  
Show
View Real Time Build Order
Export as new Build Order

A.I. 1 (Very Easy) Terran - Winner!

Build Orders:  

Get SALT Encoding   

  12  0:00  SCV  
  13  0:13  SCV  
  14  0:18  Supply Depot  
  14  0:36  Refinery  
  14  0:41  Barracks  
  14  1:04  Supply Depot  
  14  1:12  Refinery  
  14  1:27  Marine  
  14  1:30  Orbital Command  
  15  1:56  SCV  
  16  2:08  SCV  
  17  2:09  Barracks Tech Lab  
  17  2:20  SCV  
Tags
 
Add a new tag
Caveats
  • Supply blocks, unpowered buildings, or Contaminate may cause inaccurate times.
  • Supply counts are checked every 10 seconds.